 Dungeon Crawl Stone Soup version 0.28-a0-1235-g7c8fac35f0 (webtiles) character file.

Game seed: 4856884607486627691

1304 HessuHobo the Cudgeller (level 8, -2/118 HPs)
             Began as a Troll Berserker on Dec 25, 2021.
             Was a Priest of Trog.
             Slain by a sky beast (4 damage)
             ... on level 6 of the Dungeon.
             The game lasted 00:08:30 (4999 turns).

HessuHobo the Cudgeller (Troll Berserker)           Turns: 4999, Time: 00:08:30

Health: -2/118     AC:  5    Str: 28    XL:     8   Next: 31%
Magic:  7/7        EV: 10    Int:  3    God:    Trog [***...]
Gold:   218        SH:  0    Dex: 15    Spells: 7/7 levels left

rFire   . . .      SeeInvis .   x - +0 flail
rCold   . . .      Faith    .   (no shield)
rNeg    . . .      Spirit   .   b - +0 animal skin
rPois   .          Reflect  .   (helmet restricted)
rElec   .          Harm     .   j - +0 cloak
rCorr   .          Rampage  .   (gloves unavailable)
Will    ++...                   (boots unavailable)
Stlth   ..........              (no amulet)
HPRegen 2.09/turn               c - +4 ring of slaying
MPRegen 0.10/turn               o - +6 ring of dexterity

@: berserking (expiring), strong-willed (expiring), regenerating (expiring),
very quick
A: large, unfitting armour, claws 3, regeneration 1, shaggy fur 1, tough skin 1
a: Renounce Religion, Berserk, Trog's Hand


You were on level 6 of the Dungeon.
You worshipped Trog.
Trog was most pleased with you.
You visited 1 branch of the dungeon, and saw 6 of its levels.

You collected 218 gold pieces.

Inventory:

Hand Weapons
 a - a +0 giant club
 x - a +0 flail (weapon)
Missiles
 e - 168 stones (quivered)
 y - a throwing net
Armour
 b - a +0 animal skin (worn)
 j - a +0 cloak (worn)
Jewellery
 c - a +4 ring of slaying (left claw)
 h - an amulet of faith
 n - a ring of ice
 o - a +6 ring of dexterity (right claw)
Wands
 t - a wand of iceblast (8)
 u - a wand of paralysis (9)
Scrolls
 g - 2 scrolls of fear
 l - 3 scrolls of teleportation
 m - 2 scrolls of enchant weapon
 s - 2 scrolls of amnesia
 w - a scroll of fog {unknown}
Potions
 d - 3 potions of lignification
 f - a potion of might {unknown}
 i - a potion of flight {unknown}
 k - a potion of attraction {unknown}
 p - a potion of brilliance {unknown}
 q - a potion of heal wounds {unknown}
 r - a potion of magic {unknown}
 v - a potion of degeneration {unknown}


   Skills:
 + Level 4.5 Fighting
 * Level 6.5 Maces & Flails
 + Level 3.6 Throwing
 + Level 3.5 Armour
 - Level 2.4 Dodging


You had 7 spell levels left.
You didn't know any spells.
Your spell library was empty.

Dungeon Overview and Level Annotations

Branches:
Dungeon (6/15)             Temple (0/1) D:4

Altars:
Elyvilon
Gozag
Qazlal

Shops:
D:1 (   D:4 *   D:5 (


Innate Abilities, Weirdness & Mutations

You are too large for most types of armour.
You have claws for hands.
Your natural rate of healing is unusually fast.
You are covered in fur. (AC +1)
You have tough skin. (AC +1)


Message History

You hit the sky beast.
The sky beast is heavily wounded.
The gnoll hits you but does no damage. The gnoll hits you with a +0 whip.
* * * LOW HITPOINT WARNING * * *
The gnoll hits you with a +0 whip!
* * * LOW HITPOINT WARNING * * *
The gnoll hits you from afar with a +4 spear of flaming.
* * * LOW HITPOINT WARNING * * *
The gnoll burns you.
* * * LOW HITPOINT WARNING * * *
You are too berserk!
You hit the sky beast.
The sky beast is severely wounded.
The sky beast misses you.
The gnoll hits you from afar with a +0 spear.
* * * LOW HITPOINT WARNING * * *
You closely miss the sky beast.
The sky beast is severely wounded.
The gnoll hits you with a +0 whip.
* * * LOW HITPOINT WARNING * * *
The gnoll barely misses you.
The gnoll hits you from afar with a +4 spear of flaming!
* * * LOW HITPOINT WARNING * * *
The gnoll burns you.
* * * LOW HITPOINT WARNING * * *
The sky beast barely misses you. The gnoll barely misses you.
You hit the gnoll.
You kill the gnoll!
Trog accepts your kill. The gnoll hits you with a +0 whip.
* * * LOW HITPOINT WARNING * * *
The gnoll hits you from afar with a +4 spear of flaming.
* * * LOW HITPOINT WARNING * * *
The gnoll burns you.
* * * LOW HITPOINT WARNING * * *
Unknown command.
You barely miss the gnoll.
You feel the effects of Trog's Hand fading.
The sky beast hits you.
You die...

# ##..# .. #...### ### ...
##..#.## #######..
....######.....###.##.##..
.........................
...##.....................
.............)............
.......g)......#..<.......
.......##@.#..............
.......g.gY###............
...>..#...## ##...........
.....##....# ............
....####...##. ...###.
................. ..## #.
..........# #.# #..####
#.... #........###.##
#...#.. .....
#.............###...#..


You could see a sky beast and 3 gnolls.

Vanquished Creatures
  A water moccasin (D:5)
  An orc warrior (D:5)
  An ice beast (D:5)
  An ogre (D:6)
  A centaur (D:5)
  A phantom (D:5)
  A scorpion (D:5)
  2 water moccasin skeletons
  3 orc priests
  Crazy Yiuf (D:2)
  3 hounds
  A gnoll shaman (D:6)
  A centaur skeleton (D:6)
  A bullfrog skeleton (D:4)
  3 iguanas
  An orc wizard (D:6)
  5 adders
  6 gnolls (D:6)
  A howler monkey skeleton (D:4)
  A shadow imp (D:5)
  3 white imps
  2 ufetubi (D:5)
  2 worms
  2 dart slugs (D:1)
  10 orcs
  8 ball pythons
  5 bats (D:1)
  2 endoplasms
  A giant cockroach (D:1)
  6 hobgoblins
  6 quokkas
  5 frilled lizards
  8 goblins
  3 kobolds
  5 rats
104 creatures vanquished.

Notes
Turn   | Place    | Note
-------+----------+-------------------------------------------
     0 | D:1      | HessuHobo the Troll Berserker began the quest for the Orb.
     0 | D:1      | Reached XP level 1. HP: 22/22 MP: 0/0
   157 | D:1      | Reached skill level 3 in Maces & Flails
   258 | D:1      | Reached XP level 2. HP: 29/29 MP: 1/1
   425 | D:1      | Found Vail's Weapon Emporium.
   673 | D:1      | Reached XP level 3. HP: 36/36 MP: 2/2
   845 | D:1      | Found a faded altar of an unknown god.
   848 | D:1      | Reached ** piety under Trog
  1413 | D:2      | Reached skill level 1 in Armour
  1699 | D:2      | Reached XP level 4. HP: 26/44 MP: 3/3
  2154 | D:2      | Found a runed translucent door.
  2155 | D:2      | Noticed Crazy Yiuf
  2235 | D:2      | Killed Crazy Yiuf
  2236 | D:2      | Reached skill level 1 in Throwing
  2404 | D:3      | Reached skill level 4 in Maces & Flails
  2764 | D:4      | Found a staircase to the Ecumenical Temple.
  2786 | D:4      | Reached XP level 5. HP: 53/53 MP: 4/4
  3101 | D:4      | Found Zuihoyru's Lightly-Used Armoury.
  3511 | D:5      | Entered Level 5 of the Dungeon
  3511 | D:5      | Noticed a phantom
  3544 | D:5      | Found Somakkoi's Weapon Shoppe.
  3580 | D:5      | Killed a phantom
  3581 | D:5      | Reached XP level 6. HP: 55/61 MP: 5/5
  3635 | D:5      | Noticed an ice beast
  3660 | D:5      | Killed an ice beast
  3683 | D:5      | Reached skill level 5 in Maces & Flails
  3837 | D:5      | Reached XP level 7. HP: 60/68 MP: 6/6
  4354 | D:5      | Reached *** piety under Trog
  4480 | D:6      | Reached skill level 6 in Maces & Flails
  4487 | D:6      | Reached XP level 8. HP: 78/78 MP: 7/7
  4802 | D:6      | Found a stormy altar of Qazlal.
  4802 | D:6      | Found an opulent altar of Gozag.
  4804 | D:6      | Found a white marble altar of Elyvilon.
  4998 | D:6      | HP: 4/118 [gnoll (4)]
  4998 | D:6      | HP: 1/118 [gnoll (1)]
  4999 | D:6      | Slain by a sky beast

Illustrated notes

Levels and vault maps discovered:
D:1:      psy_arrival_spokes, layout_basic, serial_shops, shop,
          chequers_ecumenical_altar_island, st_stairs_12, serial_bayou_ford_a
D:2:      layout_basic, uniq_crazy_yiuf_cottage
D:3:      layout_rooms
D:4:      layout_loops_cross, minmay_temple_entry_statues_fountains,
          chequers_decorated_corner, hangedman_decor_points, minmay_shop_damaged
D:5:      layout_rooms, serial_shops, nicolae_shop_bloodbath_and_beyond
D:6:      layout_cave_pools, gammafunk_temple_overflow_forgotten

Skill      XL: |  1  2  3  4  5  6  7 |
---------------+----------------------+-----
Maces & Flails | 3 4 5 6 |  6.5
Armour         | 1 2 3 |  3.5
Fighting       | 3 4 |  4.5
Throwing       | 1 2 3 |  3.6
Dodging        | |  2.4

Action                   |  1- 3 |  4- 6 |  7- 9 || total
-------------------------+-------+-------+-------++-------
Melee: Mace              |    86 |    80 |    57 ||   223
       Flail             |       |       |    61 ||    61
Throw: Stone             |       |     5 |     8 ||    13
Invok: Berserk           |       |     2 |     3 ||     5
       Trog's Hand       |       |       |     1 ||     1
  Use: Scroll            |       |       |     5 ||     5
 Stab: Sleeping          |       |     2 |       ||     2
Armor: Animal skin       |    26 |    20 |    45 ||    91
Dodge: Dodged            |    39 |    30 |    85 ||   154

Table legend: (Time is in decaauts)
 A = Elapsed time spent in this place.
 B = Non-inter-level travel time spent in this place.
 C = Inter-level travel time spent in this place.
 D = Time resting spent in this place.
 E = Time spent auto-exploring this place.
 F = Levels seen in this place.
 G = Mean time per level.
                   A        B        C        D        E       F      G
               +--------+--------+--------+--------+--------+-----+--------+
         Total |   5088 |   4927 |    161 |   1536 |   2514 |   6 |  848.0 |
       Dungeon |   5088 |   4927 |    161 |   1536 |   2514 |   6 |  848.0 |
               +--------+--------+--------+--------+--------+-----+--------+

Top non-repeatable levels by time:
     D:1: 1176 daAuts
     D:2: 1170 daAuts
     D:5: 955 daAuts
     D:4: 817 daAuts
     D:6: 531 daAuts
     D:3: 436 daAuts
